 Dungeon Crawl Stone Soup version 0.32-a0-468-g38b2580584 (webtiles) character file.

Game seed: 1582200381433391588

779 dialectric the Trooper (level 7, -1/76 HPs)
             Began as an Oni Berserker on Feb 24, 2024.
             Was an Elder of Trog.
             Slain by a gnoll
             ... wielding a +0 whip
              (3 damage)
             ... on level 5 of the Dungeon.
             The game lasted 00:04:59 (5037 turns).

dialectric the Trooper (Oni Berserker)              Turns: 5037, Time: 00:04:59

Health: -1/76      AC:  3    Str: 24    XL:     7   Next: 85%
Magic:  7/7        EV: 11    Int:  8    God:    Trog [****..]
Gold:   186        SH:  0    Dex:  8    Spells: 6/6 levels left

rFire   . . .        k - +0 flail (venom)
rCold   . . .        (no shield)
rNeg    . . .        b - +0 animal skin
rPois   .            (helmet restricted)
rElec   .            (no cloak)
rCorr   .            (gloves unavailable)
SInv    .            (boots unavailable)
Will    .....        (no amulet)
Stlth   +            (no ring)
HPRegen 0.32/turn    (no ring)
MPRegen 0.10/turn

%: no passive effects
@: on berserk cooldown, slowed, very slow
A: large, unfitting armour, horns 1, tough skin 1, double potion healing,
drunken brawling
a: Renounce Religion, Berserk, Trog's Hand, Brothers in Arms


You were on level 5 of the Dungeon.
You worshipped Trog.
Trog was greatly pleased with you.
You visited 1 branch of the dungeon, and saw 5 of its levels.

You collected 186 gold pieces.

Inventory:

Hand Weapons
 a - a +0 mace
 k - a +0 flail of venom (weapon)
 D - a +0 dagger of venom
Missiles
 d - 19 poisoned darts (quivered)
Armour
 b - a +0 animal skin (worn)
 l - a +0 scale mail
Talismans
 c - a beast talisman
Wands
 o - a wand of paralysis (13)
Scrolls
 e - a scroll of brand weapon {unknown}
 g - a scroll of acquirement {unknown}
 m - a scroll of vulnerability {unknown}
 p - a scroll of fog
 q - a scroll of teleportation
 r - a scroll of enchant armour {unknown}
 s - a scroll of fear {unknown}
 t - a scroll of identify {unknown}
 u - 2 scrolls of revelation
 x - a scroll of poison {unknown}
 y - a scroll of immolation
 A - a scroll of noise {unknown}
 C - a scroll of enchant weapon {unknown}
Potions
 f - a potion of degeneration {unknown}
 h - 2 potions of brilliance {unknown}
 i - a potion of ambrosia {unknown}
 j - a potion of mutation {unknown}
 n - a potion of lignification {unknown}
 v - a potion of berserk rage {unknown}
 w - 2 potions of heal wounds {unknown}
 B - a potion of haste {unknown}


   Skills:
 + Level 6.6 Fighting
 + Level 5.0 Maces & Flails
 + Level 2.0 Armour
 * Level 5.8 Dodging


You had 6 spell levels left.
You didn't know any spells.
Your spell library was empty.

Dungeon Overview and Level Annotations

Branches:
Dungeon (5/15)
 Temple: D:4-7

Altars:

Shops:
D:5 [:


Innate Abilities, Weirdness & Mutations

You are too large for most types of armour.
You have a pair of small horns on your head.
You have tough skin. (AC +1)
You gain doubled healing and magic from potions.
Whenever you drink a healing potion, you attack all around you.


Message History

You closely miss the gnoll. You headbutt the gnoll.
The gnoll is lightly wounded.
You feel sick.
You are no longer poisoned.
A gnoll comes into view. It is wielding a +0 whip.
The gnoll hits you with a +0 flail. The gnoll hits you but does no damage.
Unknown command.
You hit the gnoll. You headbutt the gnoll.
The gnoll is almost dead.
The gnoll closely misses you. The gnoll hits you with a +0 flail!
* * * LOW HITPOINT WARNING * * *
The gnoll hits you with a +0 flail.
* * * LOW HITPOINT WARNING * * *
The gnoll barely misses you.
A scorpion comes into view.
Unknown command.
You take a swig of the potion and twirl your +0 flail of venom.
You closely miss the gnoll. You headbutt the gnoll.
The gnoll is lightly wounded.
You hit the gnoll but do no damage.
The gnoll is poisoned.
Your headbutt misses the gnoll.
The gnoll is almost dead.
You savour every drop.
You feel better. The gnoll hits you with a +0 flail.
The gnoll hits you with a +0 flail!
* * * LOW HITPOINT WARNING * * *
You hit the gnoll.
You kill the gnoll!
Trog accepts your kill. The gnoll hits you with a +0 flail!
* * * LOW HITPOINT WARNING * * *
The gnoll barely misses you.
Unknown command.
You barely miss the gnoll.
The gnoll is lightly wounded.
The gnoll hits you with a +0 whip.
* * * LOW HITPOINT WARNING * * *
The gnoll hits you with a +0 flail.
* * * LOW HITPOINT WARNING * * *
The gnoll hits you with a +0 whip.
You die...

#..... # #..... ..
#.#....#####..
###.#....#......
...............
........#......
.....sgg.?.## #.#
#@....##.. #:#
#......... #.#
##†)..##.# #.# #.#.##
##. #. #.# #.#... ...
#...##∩####.#####.##.
#....................
#....................
#...##.###.#......##


You could see a scorpion and 2 gnolls.

Vanquished Creatures
  Duvessa (D:4)
  A centaur (D:5)
  A scorpion (D:4)
  Dowan (D:4)
  A jelly (D:4)
  2 hounds (D:5)
  An orc priest (D:4)
  Ijyb (D:2)
  Terence (D:2)
  An iguana (D:4)
  An orc wizard (D:3)
  4 gnolls
  8 adders
  7 ribbon worms
  16 orcs
  6 ball pythons
  12 endoplasms
  4 giant cockroaches
  19 goblins
  13 hobgoblins
  4 jackals (D:1)
  3 quokkas
  2 bats (D:1)
  6 frilled lizards
  14 kobolds
  13 rats
143 creatures vanquished.

Notes
Turn   | Place    | Note
-------+----------+-------------------------------------------
     0 | D:1      | dialectric the Oni Berserker began the quest for the Orb.
     0 | D:1      | Reached XP level 1. HP: 24/24 MP: 1/1
   145 | D:1      | Reached XP level 2. HP: 30/32 MP: 2/2
   254 | D:1      | Reached XP level 3. HP: 17/40 MP: 3/3
   615 | D:1      | Reached ** piety under Trog
  1098 | D:1      | Found a faded altar of an unknown god.
  1344 | D:2      | Noticed Terence
  1349 | D:2      | Killed Terence
  1350 | D:2      | Reached XP level 4. HP: 49/49 MP: 4/4
  1567 | D:2      | Noticed Ijyb
  1582 | D:2      | Paralysed by Ijyb for 3 turns
  1587 | D:2      | Killed Ijyb
  1588 | D:2      | Reached skill level 5 in Fighting
  1588 | D:2      | Reached XP level 5. HP: 49/57 MP: 5/5
  2032 | D:2      | Reached *** piety under Trog
  3145 | D:2      | Reached XP level 6. HP: 49/66 MP: 6/6
  3550 | D:4      | Noticed Dowan
  3550 | D:4      | Noticed Duvessa
  3556 | D:4      | Killed Duvessa
  3558 | D:4      | Killed Dowan
  3559 | D:4      | Reached skill level 6 in Fighting
  3559 | D:4      | Reached skill level 1 in Armour
  3559 | D:4      | Reached skill level 5 in Dodging
  3648 | D:4      | Reached XP level 7. HP: 15/75 MP: 7/7
  4191 | D:4      | Reached **** piety under Trog
  4968 | D:5      | Entered Level 5 of the Dungeon
  4969 | D:5      | Found Huadd's Book Shoppe.
  4993 | D:5      | Found Zelloceuno's Antique Armour Shoppe.
  5029 | D:5      | Reached skill level 5 in Maces & Flails
  5037 | D:5      | HP: 3/76 [gnoll/+0 whip (6)]
  5037 | D:5      | Slain by a gnoll

Illustrated notes

Levels and vault maps discovered:
D:1:      saegor_arrival_simple_b, layout_loops_ring,
          dilly_ecumenical_altar_fadedgnrine, minmay_nonomino_d4
D:2:      kennysheep_the_goblin_king, layout_loops_ring, uniq_terence
D:3:      layout_loops_ring, hangedman_decor_points, corexii_shack
D:4:      layout_gridville, minivault_23, chequers_serial_rivers_micro_e,
          uniq_duvessa
D:5:      layout_loops_ring, grunt_gozag_breadcrumbs, serial_shops,
          nicolae_shop_hallway_stairs, shop, shop, shop,
          nicolae_shop_behind_doors, minmay_misc_feat_diagonals

Skill      XL: |  1  2  3  4  5  6  7 |
---------------+----------------------+-----
Dodging        | 3 4 5 |  5.8
Fighting       | 5 6 |  6.6
Maces & Flails | 4 5 |  5.0
Armour         | 1 2 |  2.0

Action                     |  1- 3 |  4- 6 |  7- 9 || total
---------------------------+-------+-------+-------++-------
  Melee: Mace              |   113 |     1 |       ||   114
         Headbutt          |    14 |    29 |    15 ||    58
         Flail             |       |   203 |    84 ||   287
  Throw: Dart              |       |     1 |     4 ||     5
 Invoke: Berserk           |     1 |     2 |     1 ||     4
    Use: Scroll            |       |     2 |     2 ||     4
         Potion            |       |     2 |     1 ||     3
 Armour: Animal skin       |    93 |   169 |    81 ||   343
  Dodge: Dodged            |    49 |   144 |    53 ||   246

Table legend: (Time is in decaauts)
 A = Elapsed time spent in this place.
 B = Non-inter-level travel time spent in this place.
 C = Inter-level travel time spent in this place.
 D = Time resting spent in this place.
 E = Time spent auto-exploring this place.
 F = Levels seen in this place.
 G = Mean time per level.
                   A        B        C        D        E       F      G
               +--------+--------+--------+--------+--------+-----+--------+
         Total |   5144 |   5023 |    121 |    347 |   3625 |   5 | 1028.8 |
       Dungeon |   5144 |   5023 |    121 |    347 |   3625 |   5 | 1028.8 |
               +--------+--------+--------+--------+--------+-----+--------+

Top non-repeatable levels by time:
     D:4: 1454 daAuts
     D:1: 1317 daAuts
     D:2: 1153 daAuts
     D:3: 1150 daAuts
     D:5: 70 daAuts
